 Dungeon Crawl Stone Soup version 0.28.0-62-gf88900778d (webtiles) character file.

Game seed: 1508208457727924731

186 cbfl8 the Chopper (level 5, -1/70 HPs)
             Began as a Minotaur Berserker on Mar 29, 2023.
             Was a Believer of Trog.
             Slain by a scorpion (5 damage)
             ... on level 4 of the Dungeon.
             The game lasted 00:02:30 (2951 turns).

cbfl8 the Chopper (Minotaur Berserker)              Turns: 2951, Time: 00:02:31

Health: -1/70      AC:  6    Str: 21    XL:     5   Next: 38%
Magic:  4/4        EV: 10    Int:  4    God:    Trog [**....]
Gold:   138        SH:  0    Dex: 12    Spells: 4/4 levels left

rFire   . . .      SeeInvis .   a - +0 hand axe
rCold   . . .      Faith    .   (no shield)
rNeg    . . .      Spirit   .   t - +0 scale mail
rPois   .          Reflect  .   (helmet restricted)
rElec   .          Harm     .   (no cloak)
rCorr   +          Rampage  .   (no gloves)
Will    ++...                   (no boots)
Stlth   ..........              (no amulet)
HPRegen 1.21/turn               h - ring of resist corrosion
MPRegen 0.09/turn               (no ring)

@: berserking, lethally poisoned (-1 -> -6), strong-willed (expiring),
regenerating (expiring), very quick
A: horns 2, retaliatory headbutt
a: Renounce Religion, Berserk, Trog's Hand


You were on level 4 of the Dungeon.
You worshipped Trog.
Trog was pleased with you.
You visited 1 branch of the dungeon, and saw 4 of its levels.

You collected 138 gold pieces.

Inventory:

Hand Weapons
 a - a +0 hand axe (weapon)
Armour
 t - a +0 scale mail (worn)
Jewellery
 h - a ring of resist corrosion (left hand)
Wands
 j - a wand of polymorph (9)
Scrolls
 b - 2 scrolls of teleportation {unknown}
 f - 2 scrolls of fog {unknown}
 i - 3 scrolls of immolation {unknown}
 k - a scroll of vulnerability {unknown}
 o - a scroll of identify {unknown}
 s - 2 scrolls of acquirement {unknown}
Potions
 d - 3 potions of ambrosia {unknown}
 e - 2 potions of curing {unknown}
 g - 2 potions of berserk rage {unknown}
 l - a potion of heal wounds {unknown}
 m - a potion of cancellation {unknown}
 n - a potion of mutation {unknown}
 p - a potion of lignification {unknown}
 q - a potion of brilliance {unknown}
 r - a potion of might {unknown}


   Skills:
 + Level 4.8 Fighting
 + Level 5.7 Axes
 + Level 3.4 Armour
 + Level 2.9 Dodging
 + Level 0.2 Stealth


You had 4 spell levels left.
You didn't know any spells.
Your spell library was empty.

Dungeon Overview and Level Annotations

Branches:
Dungeon (4/15)
 Temple: D:4-7

Altars:

Shops:
D:3 !

Annotations:
D:3 3 runed translucent doors, user425776's ghost, weakling MiBe


Innate Abilities, Weirdness & Mutations

You have a pair of horns on your head.
You reflexively headbutt those who attack you in melee.


Message History

The scorpion stings you.
You completely miss the scorpion.
The scorpion is heavily wounded.
You feel very sick. The scorpion stings you.
You hit the scorpion but do no damage.
The scorpion is heavily wounded.
You feel sick.
The scorpion stings you but does no damage.
You barely miss the scorpion. Your headbutt misses the scorpion.
The scorpion is heavily wounded.
You feel sick.
The scorpion stings you but does no damage.
The scorpion stings you.
You are more poisoned.
The scorpion poisons you!
You barely miss the scorpion. You headbutt the scorpion.
The scorpion is heavily wounded.
You feel very sick.
The scorpion stings you but does no damage.
Unknown command.
You barely miss the scorpion.
The scorpion is heavily wounded.
You feel very sick. The scorpion stings you.
* * * LOW HITPOINT WARNING * * *
Unknown command.
You hit the scorpion but do no damage. You headbutt the scorpion.
The scorpion is severely wounded.
You feel the effects of Trog's Hand fading.
You feel sick. The scorpion stings you.
* * * LOW HITPOINT WARNING * * *
You are lethally poisoned!
The scorpion poisons you!
A red film seems to cover your vision as you go berserk!
You feel yourself moving faster!
You feel mighty!
* * * LOW HITPOINT WARNING * * *
You feel very sick. The scorpion stings you.
You die...

## #. #.
#.######
###...<..#
#........#
#...@##..#
+....s..#..#
###.....#..#
#.#.#.#..#
#.#. .#..# #
#. .#..# ..
.. ## .#


You could see a scorpion.

Vanquished Creatures
  A water moccasin skeleton (D:2)
  7 gnolls
  2 adders (D:2)
  3 dart slugs
  9 ball pythons
  5 bats
  5 endoplasms
  A giant cockroach (D:1)
  2 goblins
  4 hobgoblins (D:1)
  2 quokkas (D:1)
  5 frilled lizards
  3 kobolds
  A rat (D:1)
50 creatures vanquished.

Notes
Turn   | Place    | Note
-------+----------+-------------------------------------------
     0 | D:1      | cbfl8 the Minotaur Berserker began the quest for the Orb.
     0 | D:1      | Reached XP level 1. HP: 19/19 MP: 0/0
    90 | D:1      | Reached skill level 4 in Axes
    90 | D:1      | Reached XP level 2. HP: 22/27 MP: 1/1
   529 | D:1      | Reached XP level 3. HP: 33/33 MP: 2/2
   770 | D:1      | Reached ** piety under Trog
  1062 | D:2      | Identified the +0 robe of Orphoema {-Cast Harm rPois rF+}
  1076 | D:2      | Found a faded altar of an unknown god.
  1820 | D:2      | Reached XP level 4. HP: 40/41 MP: 3/3
  1845 | D:2      | Reached skill level 5 in Axes
  1951 | D:3      | Found a runed translucent gate.
  1951 | D:3      | Found a runed translucent gate.
  1951 | D:3      | Found a runed translucent gate.
  1953 | D:3      | Noticed user425776's ghost (weakling MiBe)
  2116 | D:3      | Reached XP level 5. HP: 33/47 MP: 4/4
  2551 | D:3      | Found Vyeliol's Distillery.
  2951 | D:4      | Slain by a scorpion

Illustrated notes

Levels and vault maps discovered:
D:1:      roderic_dead_forest, layout_basic, minmay_3d_cube
D:2:      layout_loops_corners, shapermc_ecumenical_altar_mp_highgroup,
          minivault_25
D:3:      layout_basic, serial_shops, shop, ebering_ghost_rock_garden,
          minmay_vboxes
D:4:      layout_loops_corners, mainiacjoe_overflow_divided_tiny,
          mrwooster_statue_mirror, minmay_starry_boxes

Skill      XL: |  1  2  3  4 |
---------------+-------------+-----
Fighting       | 4 |  4.8
Axes           | 4 5 |  5.7
Armour         | 3 |  3.4
Dodging        | |  2.9
Stealth        | |  0.2

Action                   |  1- 3 |  4- 6 || total
-------------------------+-------+-------++-------
Melee: Hand axe          |    69 |    45 ||   114
       Headbutt          |     7 |    11 ||    18
Invok: Berserk           |       |     2 ||     2
       Trog's Hand       |       |     2 ||     2
Armor: Ring mail         |    25 |    19 ||    44
       Scale mail        |       |     4 ||     4
Dodge: Dodged            |    44 |    17 ||    61
